 Dungeon Crawl Stone Soup version 0.26.0-18-gc5c842f807 (webtiles) character file.

Game seed: 13676899726734746920

41 thiole the Sneak (level 3, -4/21 HPs)
             Began as an Octopode Hedge Wizard on Jan 22, 2021.
             Slain by a goblin
             ... wielding a +0 club
             ... led by Robin
              (8 damage)
             ... on level 2 of the Dungeon.
             The game lasted 00:01:38 (1567 turns).

thiole the Sneak (Octopode Hedge Wizard)            Turns: 1567, Time: 00:01:39

Health: -4/21      AC:  1    Str:  9    XL:     3   Next: 52%
Magic:  2/7        EV: 13    Int: 17    God:
Gold:   22         SH:  0    Dex: 11    Spells: 3/8 levels left

rFire    . . .     SeeInvis .   k - +0 dagger (drain)
rCold    . . .     Faith    .   (no shield)
rNeg     . . .     Spirit   .   b - +0 hat
rPois    .         Reflect  .   (no amulet)
rElec    .         Harm     .   (no ring)
rCorr    .         Rampage  .   (no ring)
Will     .....                  (no ring)
Stlth    +++.......             (no ring)
HPRegen  0.07/turn              (no ring)
MPRegen  0.10/turn              (no ring)
                                (no ring)
                                (no ring)

@: no status effects
A: almost no armour, stealthy swim, amphibious, 8 rings, constrict 8, camouflage
1, gelatinous body 1
a: no special abilities


You were on level 2 of the Dungeon.
You visited 1 branch of the dungeon, and saw 2 of its levels.

You collected 22 gold pieces.

Inventory:

Hand Weapons
 a - a +0 dagger
 k - a +0 dagger of draining (weapon)
Armour
 b - a +0 hat (worn)
Scrolls
 d - a scroll of random uselessness {unknown}
 e - 4 scrolls of identify {unknown}
 f - a scroll of remove curse {unknown}
 i - a scroll of teleportation {unknown}
 j - 4 scrolls of enchant armour {unknown}
Potions
 c - 2 potions of heal wounds {unknown}
 g - a potion of berserk rage {unknown}
 h - a potion of haste {unknown}


   Skills:
 - Level 2.0 Dodging
 + Level 3.3 Stealth
 + Level 3.2 Spellcasting
 - Level 2.0 Conjurations
 - Level 2.0 Summonings
 - Level 1.0 Translocations


You had 3 spell levels left.
You knew the following spells:

 Your Spells              Type           Power        Failure   Level
a - Magic Dart            Conj           36%          8%          1
b - Call Imp              Summ           9%           12%         2
c - Slow                  Hex            2%           26%         2

Your spell library contained the following spells:

 Spells                   Type           Power        Failure   Level
 Blink                    Tloc           N/A          17%         2
 Conjure Flame            Conj/Fire      6%           34%         3
 Mephitic Cloud           Conj/Pois/Air  5%           36%         3


Dungeon Overview and Level Annotations

Branches:
Dungeon (2/15)

Altars:


Innate Abilities, Weirdness & Mutations

You cannot wear most types of armour.
You are very stealthy in the water. (Stealth+)
You are amphibious.
You can wear up to eight rings at the same time.
You can use your tentacles to constrict eight enemies at once.
Your skin changes colour to match your surroundings (Stealth+).
Your rubbery body absorbs attacks. (AC +1, EV +1)


Message History

You hit the goblin. You drain the goblin.
You kill the goblin!
You closely miss the goblin. Your grab misses the goblin. You hit the goblin.
You drain the goblin.
You kill the goblin!
The goblin hits you but does no damage.
The goblin shouts!
You hit the goblin but do no damage. You drain the goblin.
Your grab misses the goblin. Your squeeze misses the goblin.
The goblin is severely wounded.
You hear a shout! x2
The goblin hits you with a +0 club.
* * * LOW HITPOINT WARNING * * *
The goblin closely misses you.
You hit the goblin.
You kill the goblin!
The goblin closely misses you.
You closely miss the goblin. Your grab misses the goblin.
The goblin hits you with a +0 club!
You die...

#. ##. # #...
########## .
#....#........# ..
#..♣.♣.♣......# ..
#.............#
.rg#..♣.♣.♣......##
.gg#....#......g@.#
ggg'..♣.♣<#####)#)#
.. #<...#.# #)..#
#'##g...#.# # #.###
#....##.#..........#
....>...g...g.####.#
...#.#...####† #
##.#.#......g
....#.......


You could see a goblin (strong).

Vanquished Creatures
  Robin (D:2)
  A dart slug (D:1)
  A leopard gecko (D:1)
  7 goblins
  5 hobgoblins
  A quokka (D:2)
  5 bats (D:1)
  A frilled lizard (D:1)
  3 kobolds (D:1)
  A rat (D:1)
26 creatures vanquished.

Notes
Turn   | Place    | Note
-------+----------+-------------------------------------------
     0 | D:1      | thiole the Octopode Hedge Wizard began the quest for the
                  | Orb.
     0 | D:1      | Reached XP level 1. HP: 11/11 MP: 4/4
   417 | D:1      | Reached XP level 2. HP: 17/17 MP: 3/6
   880 | D:1      | Learned a level 2 spell: Call Imp
   884 | D:1      | Learned a level 2 spell: Slow
  1543 | D:2      | Noticed Robin
  1546 | D:2      | Reached XP level 3. HP: 21/21 MP: 2/7
  1557 | D:2      | Killed Robin
  1567 | D:2      | Slain by a goblin

Illustrated notes

Levels and vault maps discovered:
D:1:      heliophobic_arrival_enchanted_forest, layout_basic
D:2:      layout_basic, lemuel_doored_altar, serial_forest,
          infiniplex_forest_straight_1, infiniplex_forest_lined_1,
          infiniplex_forest_lined_2, infiniplex_forest_lined_corner,
          infiniplex_forest_straight_2, infiniplex_forest_clump_double,
          minmay_indecisive_spiral, uniq_robin

Skill      XL: |  1  2  3 |
---------------+----------+-----
Stealth        | 3 |  3.3
Conjurations   | 2 |  2.0
Summonings     | 2 |  2.0
Dodging        | |  2.0
Spellcasting   | |  3.2
Translocations | |  1.0

Action                   || total
-------------------------++-------
Melee: Dagger            ||    33
       Constrict         ||    10
       Tentacles         ||     4
 Cast: Magic Dart        ||    42
Armor: Skin              ||     3
Dodge: Dodged            ||    23
